 Dungeon Crawl Stone Soup version 0.28-a0-69-g49dcd67cf8 (webtiles) character file.

Game seed: 2749347235498262170

59 bande the Covered (level 4, -1/29 HPs)
             Began as a Gargoyle Fighter on Aug 1, 2021.
             Slain by Ijyb (5 damage)
             ... while paralysed by Ijyb
             ... on level 4 of the Dungeon.
             The game lasted 00:05:20 (2930 turns).

bande the Covered (Gargoyle Fighter)                Turns: 2930, Time: 00:05:21

Health: -1/29      AC: 10    Str: 20    XL:     4   Next: 3%
Magic:  4/4        EV: -1    Int:  8    God:
Gold:   102        SH:  0    Dex: 10    Spells: 2/3 levels left

rFire   . . .      SeeInvis .   a - +0 war axe
rCold   . . .      Faith    .   c - +0 kite shield
rNeg    + . .      Spirit   .   b - +0 scale mail
rPois   ∞          Reflect  .   (no helmet)
rElec   +          Harm     .   (no cloak)
rCorr   .          Rampage  .   (no gloves)
Will    .....                   (no boots)
Stlth   ..........              (no amulet)
HPRegen 0.09/turn               (no ring)
MPRegen 0.09/turn               (no ring)

@: paralysed, constricted
A: sickness immunity, AC +3, negative energy resistance 1, electricity
resistance, torment resistance 1, petrification resistance
a: no special abilities


You were on level 4 of the Dungeon.
You visited 1 branch of the dungeon, and saw 4 of its levels.

You collected 102 gold pieces.

Inventory:

Hand Weapons
 a - a +0 war axe (weapon)
Armour
 b - a +0 scale mail (worn)
 c - a +0 kite shield (worn)
Scrolls
 e - a scroll of teleportation
Potions
 d - 2 potions of might
 f - a potion of curing
 h - a potion of brilliance


   Skills:
 + Level 3.7 Fighting
 + Level 2.3 Axes
 + Level 3.9 Armour
 + Level 3.7 Shields
 * Level 0.9 Translocations


You had 2 spell levels left.
You knew the following spells:

 Your Spells              Type           Power      Damage    Failure   Level
a - Apportation           Tloc           2%         N/A       98%         1

Your spell library contained the following spells:

 Spells                   Type           Power      Damage    Failure   Level
 Animate Skeleton         Necr           0%         N/A       99%         1
 Corona                   Hex            0%         N/A       99%         1
 Summon Small Mammal      Summ           0%         N/A       99%         1
 Corpse Rot               Necr/Air       N/A        N/A       100%        2
 Poisonous Vapours        Pois/Air       0%         N/A       100%        2
 Static Discharge         Conj/Air       0%         N/A       100%        2
 Dazzling Flash           Conj/Hex       0%         N/A       100%        3
 Gell's Gravitas          Tloc           0%         N/A       100%        3
 Lesser Beckoning         Tloc           0%         N/A       100%        3
 Ozocubu's Armour         Ice            0%         N/A       100%        3
 Teleport Other           Tloc           1%         N/A       100%        3
 Agony                    Necr           0%         N/A       100%        5
 Freezing Cloud           Conj/Ice/Air   0%         6-21      100%        5
 Lightning Bolt           Conj/Air       0%         1d11      100%        5
 Silence                  Hex/Air        0%         N/A       100%        5
 Ozocubu's Refrigeration  Ice            0%         4d5       100%        7
 Maxwell's Capacitive Co  Air            0%         ∞         100%        8


Dungeon Overview and Level Annotations

Branches:
Dungeon (4/15)
 Temple: D:4-7

Altars:

Annotations:
D:4 Ijyb


Innate Abilities, Weirdness & Mutations

You are immune to sickness and miasma.
Your stone body is resilient. (AC +3)
You are immune to poison.
You resist negative energy. (rN+)
You are resistant to electric shocks. (rElec)
You are resistant to unholy torment.
You are immune to petrification.


Message History

The orc is lightly wounded.
You hit the ball python but do no damage.
You closely miss Ijyb. You hit the hobgoblin but do no damage.
You barely miss the jackal. x2; You block the jackal's attack.
The jackal bites you. You block the jackal's attack.
The ball python barely misses you. The ball python constricts you.
The hobgoblin hits you but does no damage.
The orc barely misses you.
Ijyb zaps a wand.
You resist with some effort. The jackal bites you.
* * * LOW HITPOINT WARNING * * *
The ball python bites you.
* * * LOW HITPOINT WARNING * * *
The ball python constricts you.
The jackal bites you but does no damage.
You feel better.
The hobgoblin hits you but does no damage.
The orc hits you but does no damage.
Ijyb zaps a wand.
You suddenly lose the ability to move!
The jackal bites you but does no damage. x2
The ball python bites you but does no damage.
The ball python constricts you.
The jackal bites you but does no damage. x2
The hobgoblin hits you but does no damage.
The orc hits you with a +0 whip.
Ijyb zaps a wand.
You shrug off the repeated paralysis!
The now-empty wand crumbles to dust.
The ball python bites you but does no damage.
The ball python constricts you.
The jackal bites you but does no damage. x2
The hobgoblin hits you but does no damage.
The orc hits you with a +0 whip. The ball python bites you.
The ball python constricts you. Ijyb hits you but does no damage.
The jackal bites you but does no damage. x2
The hobgoblin hits you but does no damage.
The orc hits you with a +0 whip.
* * * LOW HITPOINT WARNING * * *
The ball python bites you but does no damage.
The ball python constricts you.
The jackal bites you but does no damage. x2
Ijyb hits you with a +0 club.
You die...

#. #.# .# .... ..
#.# .# ....
#.####. .#..... .
#......##.#.....
.## #.#..
.......... (..
#..###.........
#.###..#.ggS>.....
#.#......@oh...#
#..#....hh......
#..#..###.#...#<
#..#..# .# ###
#..#..# .# #..#..#
.# #.#####..#..#
#.#
#........#..#...#
..####.........


You could see Ijyb, an orc, 3 jackals, a hobgoblin and a ball python.

Vanquished Creatures
  2 adders
  An orc (D:2)
  4 ball pythons
  A bat (D:1)
  5 endoplasms
  2 giant cockroaches (D:2)
  6 goblins
  4 hobgoblins
  3 jackals (D:3)
  A quokka (D:2)
  2 frilled lizards
  3 kobolds
  2 rats
36 creatures vanquished.

Vanquished Creatures (others)
  A plant (D:3)
1 creature vanquished.

Grand Total: 37 creatures vanquished

Notes
Turn   | Place    | Note
-------+----------+-------------------------------------------
     0 | D:1      | bande the Gargoyle Fighter began the quest for the Orb.
     0 | D:1      | Reached XP level 1. HP: 14/14 MP: 1/1
   305 | D:1      | Found a faded altar of an unknown god.
   636 | D:1      | Reached XP level 2. HP: 9/19 MP: 2/2
   638 | D:1      | Learned a level 1 spell: Apportation
  1525 | D:2      | Reached XP level 3. HP: 20/23 MP: 3/3
  2845 | D:4      | Reached XP level 4. HP: 22/29 MP: 4/4
  2916 | D:4      | Noticed Ijyb
  2917 | D:4      | Paralysed by Ijyb for 7 turns
  2927 | D:4      | Paralysed by Ijyb for 7 turns
  2930 | D:4      | Slain by Ijyb

Illustrated notes

Levels and vault maps discovered:
D:1:      dpeg_arrival_pond, layout_basic, shapermc_ecumenical_altar_hornbeckon,
          minmay_tromino_v4_c
D:2:      layout_loops_cross, serial_park_tiny_1, kennysheep_generic_room_10
D:3:      layout_basic, serial_bayou_pond_b
D:4:      layout_loops_ring, uniq_ijyb, uniq_blork_the_orc, uniq_grinder

Skill      XL: |  1  2 |
---------------+-------+-----
Axes           | 2 |  2.3
Fighting       | |  3.7
Armour         | |  3.9
Shields        | |  3.7
Translocations | |  0.9

Action                   |  1- 3 |  4- 6 || total
-------------------------+-------+-------++-------
Melee: War axe           |   107 |     3 ||   110
  Use: Scroll            |     6 |       ||     6
       Potion            |       |     1 ||     1
Armor: Scale mail        |    72 |    38 ||   110
Dodge: Dodged            |    43 |     8 ||    51
Block: Kite shield       |    67 |     6 ||    73

Table legend: (Time is in decaauts)
 A = Elapsed time spent in this place.
 B = Non-inter-level travel time spent in this place.
 C = Inter-level travel time spent in this place.
 D = Time resting spent in this place.
 E = Time spent auto-exploring this place.
 F = Levels seen in this place.
 G = Mean time per level.
                   A        B        C        D        E       F      G
               +--------+--------+--------+--------+--------+-----+--------+
         Total |   3012 |   2951 |     61 |    155 |   2321 |   4 |  753.0 |
       Dungeon |   3012 |   2951 |     61 |    155 |   2321 |   4 |  753.0 |
               +--------+--------+--------+--------+--------+-----+--------+

Top non-repeatable levels by time:
     D:3: 1021 daAuts
     D:1: 932 daAuts
     D:2: 929 daAuts
     D:4: 129 daAuts
